[ AOE2 MATCH · #483195404 ]
UnrankedEthiopians vs Malay
Player's team · WIN
Rival team · LOSS
[ REPLAY ANALYSIS · EXTRACTED FROM THE RECORDED GAME ]
Feudal
9:31
Castle
26:29
Imperial
38:53
| APM avg | 41.6 |
| APM peak | 79 |
| eAPM avg | 15.1 |
| Villagers / military | 107 / 123 |
Focus
⚔️ 34.3% · 🌾 65.7%
Archer ×98 · Scout Cavalry ×24 · Mangonel ×1
Feudal
8:50
Castle
23:34
Imperial
—
| APM avg | 43.3 |
| APM peak | 122 |
| eAPM avg | 17.0 |
| Villagers / military | 98 / 29 |
Focus
⚔️ 18.5% · 🌾 81.5%
Knight ×13 · Skirmisher ×7 · Scout Cavalry ×5 · Mangonel ×4
Match map
Initial resources + every placement click. Lines = walls · curves = elevation contours. ◆ gold · ⬟ stone · ● berries · ✦ relic · ◌ wall gap
Your base· Open — 1t gap
maniaaaaaac's base· Open — unwalled flank
Smoothed initial terrain · ◌ = detected wall gap · hover for details
Inputs per minute
— Xavyyy - - maniaaaaaac
Build order — Xavyyy
First 150 of 335 actions detected
| 0:02 | Create | Villager (Male) ×4 |
| 0:07 | Build | House |
| 0:09 | Build | House |
| 1:28 | Create | Villager (Male) |
| 1:28 | Create | Villager (Male) |
| 1:56 | Build | Lumber Camp |
| 2:16 | Create | Villager (Male) |
| 2:38 | Create | Villager (Male) |
| 2:38 | Create | Villager (Male) |
| 3:06 | Create | Villager (Male) |
| 3:23 | Create | Villager (Male) |
| 3:43 | Create | Villager (Male) |
| 3:43 | Create | Villager (Male) |
| 3:47 | Build | House |
| 4:18 | Create | Villager (Male) |
| 4:19 | Create | Villager (Male) |
| 4:27 | Build | Mill |
| 5:00 | Create | Villager (Male) |
| 5:00 | Create | Villager (Male) |
| 6:01 | Build | House |
| 6:03 | Create | Villager (Male) |
| 6:29 | Create | Villager (Male) |
| 6:53 | Create | Villager (Male) |
| 7:21 | Research | Feudal Age |
| 8:00 | Build | House |
| 8:15 | Build | Barracks |
| 8:39 | Create | Villager (Male) |
| 8:40 | Create | Villager (Male) |
| 9:09 | Research | Loom |
| 9:31 | Age | Feudal Age |
| 9:33 | Build | Archery Range |
| 9:51 | Create | Villager (Male) |
| 9:55 | Build | Mining Camp |
| 10:03 | Build | House |
| 10:27 | Create | Villager (Male) |
| 10:35 | Create | Archer |
| 10:35 | Create | Archer |
| 10:45 | Create | Villager (Male) |
| 10:52 | Build | Farm |
| 10:53 | Build | Farm |
| 11:07 | Build | Palisade Wall |
| 11:12 | Create | Villager (Male) |
| 11:34 | Create | Villager (Male) |
| 11:37 | Create | Archer |
| 11:46 | Build | Archery Range |
| 11:55 | Create | Villager (Male) |
| 12:20 | Create | Villager (Male) |
| 12:22 | Create | Archer |
| 12:23 | Create | Archer |
| 13:00 | Create | Villager (Male) |
| 13:01 | Create | Archer |
| 13:01 | Create | Archer |
| 13:32 | Create | Archer |
| 13:32 | Create | Archer |
| 13:56 | Create | Villager (Male) |
| 13:56 | Create | Villager (Male) |
| 14:14 | Create | Villager (Male) |
| 14:18 | Build | House |
| 14:24 | Build | House |
| 14:31 | Create | Archer |
| 14:31 | Create | Archer |
| 15:06 | Build | Blacksmith |
| 15:07 | Create | Villager (Male) |
| 15:11 | Create | Archer |
| 15:11 | Create | Archer |
| 15:16 | Build | House |
| 15:20 | Research | Double-Bit Axe |
| 15:30 | Create | Villager (Male) |
| 15:42 | Create | Archer |
| 15:43 | Create | Archer |
| 15:44 | Create | Villager (Male) |
| 16:08 | Build | Palisade Wall |
| 16:10 | Build | Palisade Gate |
| 16:11 | Create | Villager (Male) |
| 16:13 | Create | Archer |
| 16:13 | Create | Archer |
| 16:15 | Create | Villager (Male) |
| 16:22 | Build | Farm |
| 16:36 | Build | House |
| 16:41 | Build | Palisade Wall |
| 16:44 | Create | Villager (Male) |
| 16:46 | Create | Archer |
| 16:47 | Create | Archer |
| 16:53 | Build | House |
| 17:00 | Research | Fletching |
| 17:01 | Create | Villager (Male) |
| 17:15 | Build | Palisade Wall |
| 17:17 | Create | Villager (Male) |
| 17:19 | Build | Farm |
| 17:21 | Build | Farm |
| 17:25 | Build | Farm |
| 17:27 | Build | Farm |
| 17:30 | Build | Farm |
| 17:38 | Create | Villager (Male) |
| 17:39 | Create | Archer |
| 17:39 | Create | Archer |
| 17:46 | Build | Farm |
| 18:12 | Build | Farm |
| 18:16 | Create | Villager (Male) |
| 18:17 | Create | Archer |
| 18:17 | Create | Archer |
| 18:31 | Create | Villager (Male) |
| 18:45 | Create | Villager (Male) |
| 18:46 | Create | Archer |
| 18:46 | Create | Archer |
| 18:49 | Create | Villager (Male) |
| 18:51 | Build | House |
| 19:17 | Build | Farm |
| 19:19 | Build | Farm |
| 19:20 | Build | Farm |
| 19:25 | Create | Archer |
| 19:26 | Create | Archer |
| 19:32 | Build | House |
| 19:38 | Create | Villager (Male) |
| 19:40 | Create | Archer |
| 19:40 | Create | Archer |
| 19:48 | Build | Farm |
| 19:49 | Build | Farm |
| 19:50 | Build | Farm |
| 20:28 | Create | Villager (Male) |
| 20:44 | Create | Villager (Male) |
| 20:44 | Create | Archer |
| 20:45 | Create | Archer |
| 20:58 | Create | Villager (Male) |
| 21:08 | Build | Palisade Wall |
| 21:12 | Build | House |
| 21:14 | Create | Villager (Male) |
| 21:21 | Create | Archer |
| 21:21 | Create | Archer |
| 21:59 | Build | Market |
| 22:02 | Create | Archer |
| 22:03 | Create | Archer |
| 22:09 | Create | Villager (Male) |
| 22:20 | Build | House |
| 22:41 | Build | Lumber Camp |
| 22:54 | Create | Villager (Male) |
| 22:54 | Create | Archer |
| 22:55 | Create | Archer |
| 23:26 | Create | Archer |
| 23:26 | Create | Archer |
| 23:49 | Research | Castle Age |
| 23:52 | Create | Archer |
| 23:52 | Create | Archer |
| 23:56 | Build | Lumber Camp |
| 24:31 | Build | Farm |
| 24:33 | Create | Archer |
| 24:33 | Create | Archer |
| 24:53 | Create | Archer |
| 24:53 | Create | Archer |
| 25:05 | Build | Farm |
Build order — maniaaaaaac
First 150 of 210 actions detected
| 0:02 | Build | House |
| 0:04 | Build | House |
| 0:06 | Create | Villager (Male) ×4 |
| 1:40 | Create | Villager (Male) |
| 2:10 | Create | Villager (Male) |
| 2:11 | Create | Villager (Male) |
| 2:44 | Create | Villager (Male) |
| 2:44 | Create | Villager (Male) |
| 2:47 | Build | Lumber Camp |
| 2:49 | Build | House |
| 3:22 | Create | Villager (Male) |
| 3:22 | Create | Villager (Male) |
| 3:22 | Create | Villager (Male) |
| 4:24 | Create | Villager (Male) |
| 4:49 | Create | Villager (Male) |
| 4:56 | Create | Villager (Male) |
| 5:18 | Create | Villager (Male) |
| 5:38 | Build | Mill |
| 5:44 | Create | Villager (Male) |
| 5:51 | Build | House |
| 6:27 | Create | Villager (Male) |
| 6:47 | Create | Villager (Male) |
| 6:52 | Research | Loom |
| 7:29 | Research | Feudal Age |
| 8:09 | Build | Barracks |
| 8:14 | Build | House |
| 8:50 | Age | Feudal Age |
| 8:52 | Create | Villager (Male) |
| 9:32 | Build | Stable |
| 9:34 | Create | Villager (Male) |
| 9:48 | Build | House |
| 9:54 | Build | House |
| 10:07 | Create | Villager (Male) |
| 10:39 | Build | Palisade Wall |
| 10:47 | Build | Palisade Wall |
| 10:48 | Create | Villager (Male) |
| 10:52 | Create | Scout Cavalry |
| 10:52 | Create | Scout Cavalry |
| 10:55 | Build | Blacksmith |
| 11:05 | Create | Villager (Male) |
| 11:14 | Build | Archery Range |
| 11:39 | Build | House |
| 11:45 | Build | Farm |
| 11:59 | Build | Lumber Camp |
| 12:10 | Research | Forging |
| 12:18 | Create | Villager (Male) |
| 13:14 | Create | Skirmisher |
| 13:14 | Create | Skirmisher |
| 13:17 | Create | Scout Cavalry |
| 13:51 | Create | Villager (Male) |
| 14:07 | Create | Villager (Male) |
| 14:29 | Create | Villager (Male) |
| 14:37 | Build | Farm |
| 14:51 | Create | Skirmisher |
| 14:55 | Build | Farm |
| 14:56 | Build | Farm |
| 14:56 | Build | Farm |
| 15:00 | Build | Farm |
| 15:01 | Build | Farm |
| 15:03 | Build | Farm |
| 15:05 | Build | Farm |
| 15:06 | Build | Farm |
| 15:16 | Build | Mining Camp |
| 15:18 | Create | Villager (Male) |
| 15:46 | Build | Farm |
| 15:48 | Build | Farm |
| 16:02 | Create | Skirmisher |
| 16:11 | Build | Farm |
| 16:21 | Research | Double-Bit Axe |
| 16:21 | Research | Double-Bit Axe |
| 16:47 | Create | Villager (Male) |
| 17:01 | Build | Farm |
| 17:03 | Build | Farm |
| 17:07 | Build | Farm |
| 17:10 | Build | Farm |
| 17:11 | Create | Villager (Male) |
| 17:21 | Research | Fletching |
| 17:44 | Create | Villager (Male) |
| 17:48 | Build | Farm |
| 18:14 | Create | Villager (Male) |
| 18:17 | Create | Skirmisher |
| 18:17 | Create | Skirmisher |
| 19:00 | Create | Villager (Male) |
| 19:02 | Build | House |
| 19:22 | Build | House |
| 19:23 | Build | House |
| 19:39 | Build | House |
| 19:43 | Create | Villager (Male) |
| 19:48 | Build | House |
| 20:15 | Build | Farm |
| 20:18 | Build | Farm |
| 20:19 | Build | Farm |
| 20:20 | Build | Farm |
| 20:22 | Build | Farm |
| 20:23 | Build | Farm |
| 21:08 | Create | Villager (Male) |
| 21:29 | Create | Villager (Male) |
| 21:39 | Create | Villager (Male) |
| 21:54 | Research | Castle Age |
| 22:02 | Research | Horse Collar |
| 22:15 | Create | Scout Cavalry |
| 22:15 | Create | Scout Cavalry |
| 22:50 | Create | Villager (Male) |
| 23:09 | Build | Watch Tower |
| 23:34 | Age | Castle Age |
| 23:43 | Build | Siege Workshop |
| 23:59 | Research | Bodkin Arrow |
| 24:34 | Build | Mining Camp |
| 25:01 | Create | Knight |
| 25:01 | Create | Knight |
| 25:14 | Create | Villager (Male) |
| 25:35 | Create | Skirmisher |
| 25:36 | Create | Villager (Male) |
| 25:45 | Create | Mangonel |
| 25:53 | Create | Villager (Male) |
| 26:09 | Build | House |
| 26:21 | Build | House |
| 26:34 | Create | Mangonel |
| 26:45 | Create | Villager (Male) |
| 27:17 | Create | Villager (Male) |
| 27:30 | Create | Knight |
| 28:11 | Create | Villager (Male) |
| 28:12 | Create | Villager (Male) |
| 28:13 | Create | Villager (Male) |
| 28:24 | Build | Market |
| 28:27 | Build | Stable |
| 28:29 | Create | Knight |
| 28:31 | Research | Scale Barding Armor |
| 28:32 | Research | Iron Casting |
| 28:39 | Create | Villager (Male) |
| 28:40 | Create | Villager (Male) |
| 29:00 | Create | Villager (Male) |
| 29:25 | Create | Knight |
| 30:55 | Create | Villager (Male) |
| 30:56 | Create | Villager (Male) |
| 31:14 | Build | Town Center |
| 31:24 | Research | Gold Mining |
| 31:24 | Create | Villager (Male) |
| 31:25 | Create | Villager (Male) |
| 31:28 | Create | Knight |
| 31:48 | Create | Villager (Male) |
| 31:51 | Build | Farm |
| 32:19 | Create | Villager (Male) |
| 32:20 | Create | Villager (Male) |
| 32:25 | Build | Farm |
| 32:29 | Create | Villager (Male) |
| 33:08 | Create | Villager (Male) |
| 33:10 | Create | Villager (Male) |
| 33:11 | Create | Villager (Male) |
| 33:15 | Create | Mangonel |
Match timeline
| 8:09 | maniaaaaaac · first_building Barracks |
| 8:15 | Xavyyy · first_building Barracks |
| 8:50 | maniaaaaaac · age_up feudal |
| 9:31 | Xavyyy · age_up feudal |
| 9:32 | maniaaaaaac · first_building Stable |
| 9:33 | Xavyyy · first_building Archery Range |
| 10:39 | maniaaaaaac · wall_segment Palisade Wall x1 |
| 10:47 | maniaaaaaac · wall_segment Palisade Wall x1 |
| 11:07 | Xavyyy · wall_segment Palisade Wall x7 |
| 11:14 | maniaaaaaac · first_building Archery Range |
| 16:08 | Xavyyy · wall_segment Palisade Wall x7 |
| 16:41 | Xavyyy · wall_segment Palisade Wall x2 |
| 17:15 | Xavyyy · wall_segment Palisade Wall x6 |
| 21:08 | Xavyyy · wall_segment Palisade Wall x12 |
| 23:34 | maniaaaaaac · age_up castle |
| 23:43 | maniaaaaaac · first_building Siege Workshop |
| 23:46 | Xavyyy · first_market_buy 100 food |
| 26:29 | Xavyyy · age_up castle |
| 29:00 | Xavyyy · first_building Stable |
| 31:01 | maniaaaaaac · first_market_buy 100 stone |
| 32:24 | Xavyyy · wall_segment Stone Wall x1 |
| 32:35 | Xavyyy · first_building Siege Workshop |
| 34:59 | Xavyyy · first_market_sell 100 food |
| 38:01 | Xavyyy · wall_segment Stone Wall x19 |
| 38:10 | Xavyyy · wall_segment Stone Wall x7 |
| 38:53 | Xavyyy · age_up imperial |
| 39:10 | maniaaaaaac · first_building Castle |
| 43:26 | maniaaaaaac · first_market_sell 500 stone |
| 44:46 | Xavyyy · first_building Castle |
| 45:13 | maniaaaaaac · resign |
[ AI ANALYSIS · 1 CREDIT ]
What really happened in this match?
Wolo.gg analyzes every decision: build order, eco, micro, common mistakes by bracket. Personalized analysis on WhatsApp or Discord in 30 seconds.
Civ guide
Ethiopians
Perfil
Jugador #2997421